 Dungeon Crawl Stone Soup version 0.14-a0-1192-g192f278 (webtiles) character file.

5862 Psiweapon the Archer (level 10, 0/83 HPs)
             Began as a Centaur Hunter on Dec 1, 2013.
             Was an Elder of Okawaru.
             Forgot to breathe
             ... caused by an orange crystal statue
             ... on Level 9 of the Dungeon.
             The game lasted 01:05:55 (10964 turns).

Psiweapon the Archer (Centaur Hunter)              Turns: 10964, Time: 01:05:56

HP   0/83        AC 14     Str 17      XL: 10   Next: 38%
MP   1/6         EV  4     Int -54 (12)God: Okawaru [****..]
Gold 530         SH  0     Dex 13      Spells:  0 memorised,  9 levels left

rFire  . . .     SeeInvis .     M - +3,+2 quarterstaff (chaos)
rCold  . . .     Clarity  .     V - +3 chain mail of Cave {Str+2 Int+2 Dam+4}
rNeg   + . .     Conserve .     (no shield)
rPois  .         rCorr    .     (no helmet)
rElec  .         rRot     .     N - +0 cloak
SustAb . .       Spirit   .     e - +1 pair of gloves
rMut   .         Warding  .     (no barding)
Saprov . . .     RndTele  +     (no amulet)
                                R - ring of positive energy {unknown}
                                U - cursed ring of teleportation

@: lost intelligence, confused, very slow, somewhat resistant to hostile
enchantments, extremely unstealthy
A: hooves 3, deformed body, herbivore 1, speed 2, fast metabolism 1, tough skin
3
a: Heroism, Renounce Religion, Evoke Teleportation


You were on level 9 of the Dungeon.
You worshipped Okawaru.
Okawaru was greatly pleased with you.
You were hungry.

You visited 2 branches of the dungeon, and saw 10 of its levels.

You collected 530 gold pieces.

Inventory:

Hand weapons
 b - a +1,+1 bow
 j - a +1,+2 spear
 s - a +1,+1 long sword of draining
 t - a +1,+2 orcish whip of venom
 y - a +0,+2 spear of dragon slaying
 M - a +3,+2 quarterstaff of chaos (weapon)
Missiles
 c - 44 arrows
 q - 28 poisoned arrows
 r - 15 steel darts (quivered)
 u - 5 tomahawks
 x - 9 arrows of flame
 L - 4 tomahawks of returning
 Z - 5 javelins
Armour
 d - a +3 leather armour
 e - a +1 pair of gloves (worn)
 H - a +0 elven leather armour
 N - a +0 cloak (worn)
 V - the cursed +3 chain mail of Cave (worn) {Str+2 Int+2 Dam+4}
   (You found it on level 8 of the Dungeon)

   It affects your strength (+2).
   It affects your intelligence (+2).
   It affects your damage-dealing abilities (+4).
   It has a curse placed upon it.
 Y - a +0 troll hide
Magical devices
 k - a wand of magic darts (11)
 w - a wand of flame (9)
 O - a wand of fire (2)
 X - a wand of magic darts (15)
Comestibles
 f - 5 bread rations
 A - 5 meat rations
 K - an apple
 T - 11 cheeses
Scrolls
 l - 2 scrolls of random uselessness {unknown}
 m - a scroll of immolation
 n - 5 scrolls of teleportation
 o - a scroll of magic mapping {unknown}
 z - 2 scrolls of enchant weapon I {unknown}
 E - 2 scrolls of identify {unknown}
 F - a scroll of enchant weapon II {unknown}
 I - a scroll of curse jewellery {unknown}
 Q - a scroll of enchant armour {unknown}
 S - 2 scrolls of fog {unknown}
Jewellery
 a - an uncursed ring of magical power
 R - a ring of positive energy (right hand) {unknown}
 U - a cursed ring of teleportation (left hand)
Potions
 i - a potion of restore abilities
 v - 2 potions of poison
 B - 2 potions of resistance
 C - a potion of lignification
 G - a potion of might
 J - 2 potions of agility
 P - 2 potions of porridge
 W - a potion of speed
Magical staves
 D - an uncursed staff of cold


   Skills:
 + Level 8.2 Fighting
 - Level 5.5 Polearms
 + Level 11.4 Bows
 - Level 6.0 Throwing
 + Level 3.4 Armour
 - Level 4.0 Dodging
 - Level 1.0 Stealth


You had 9 spell levels left.
You didn't know any spells.

Dungeon Overview and Level Annotations

Branches:
Dungeon (9/16)             Temple (0/1) D:6            Lair (1/8) D:8
    Orc: D:9-12

Altars:
Cheibriados
Nemelex Xobeh
Okawaru
Trog
Vehumet
Jiyva

Annotations:
D:7 cedor's ghost, experienced DsSk
D:9 exclusion: orange crystal statue


Innate Abilities, Weirdness & Mutations

You have hooves in place of feet.
Armour fits poorly on your strangely shaped body.
You digest meat inefficiently.
You cover ground very quickly.
You have a fast metabolism.
You have extremely tough skin (AC +3).


Message History

The orange crystal statue is almost destroyed.
A hostile presence attacks your mind!
You lose concentration completely!
You are more confused.
You swing at nothing.
A hostile presence attacks your mind!
You feel dopey.
You convulse from lack of intelligence!
* * * LOW HITPOINT WARNING * * *
You have damaged your brain!
You are more confused.
Drink which item? (? for menu, Esc to quit)
Okay, then.
You swing at nothing.
You hit the orange crystal statue but do no damage.
The orange crystal statue is almost destroyed.
A hostile presence attacks your mind!
You are more confused.
The orange crystal statue glitters topaz in the dim dungeon light.
A hostile presence attacks your mind!
You feel dopey.
You convulse from lack of intelligence!
You die...

......##?# #######
......##.# ###.....#
......##.###...#'#...#
......##.#...###.###...#
......##.#.###.....# #.#
...<..##...#...#+#...# .
......##..##.###.###.#
## (........(#..#.....#
.# .#
.##...#..##.##.!@..## #
.# .##...#..'.('..%8:..+
.# .##...#..##(##..(..##
##.#
.##...#...#..#.....#
#..#
.##...#...##.###.###
##.## .##...#....#...#+#
#..# .##...#..#.###....
###.##
.##..[#..#...###.###...#
.##..[#..###...#'#...###


You could see an orange crystal statue.

Vanquished Creatures
  An elephant (D:8)
  A feature mimic (D:8)
  A troll (D:9)
  A hill giant skeleton (D:8)
  A yak (D:8)
  A manticore (D:8)
  A sky beast (D:9)
  An orc warrior (D:9)
  3 ice beasts
  2 ogres
  3 phantoms
  2 centaurs
  2 crocodiles (D:8)
  Sigmund (D:4)
  Blork the orc (D:4)
  A cyclops zombie (D:9)
  2 water moccasins
  9 giant frogs
  A manticore skeleton (D:8)
  9 killer bees (D:8)
  A wyvern skeleton (D:7)
  A hippogriff zombie (D:5)
  5 wights
  An agate snail (D:8)
  3 crimson imps
  6 hounds
  A quasit (D:8)
  2 scorpions
  Crazy Yiuf (D:4)
  4 orc priests
  5 orc wizards
  A gnoll shaman (D:5)
  3 iguanas
  An orange rat (D:7)
  5 worker ants
  An ogre skeleton (D:5)
  A hound zombie (D:6)
  12 gnolls
  5 adders
  3 green rats (D:7)
  6 worms
  A giant mite (D:3)
  2 adder zombies (D:8)
  2 adder skeletons
  4 grey rats (D:7)
  2 giant eyeballs
  6 giant geckos
  4 oozes (D:4)
  23 orcs
  4 giant cockroaches
  15 goblins
  17 hobgoblins
  2 jackals (D:7)
  3 quokkas
  4 training dummies (D:4)
  13 bats
  5 giant newts
  A goblin skeleton (D:5)
  A hobgoblin zombie (D:8)
  12 kobolds
  A quokka zombie (D:9)
  22 rats
  A rat skeleton (D:4)
257 creatures vanquished.

Vanquished Creatures (others)
  A giant spore (D:8)
1 creature vanquished.

Grand Total: 258 creatures vanquished

Notes
Turn   | Place    | Note
--------------------------------------------------------------
     0 | D:1      | Psiweapon, the Centaur Hunter, began the quest for the Orb.
     0 | D:1      | Reached XP level 1. HP: 17/17 MP: 0/0
   158 | D:1      | Reached XP level 2. HP: 24/24 MP: 1/1
  1143 | D:2      | Reached skill level 1 in Stealth
  1405 | D:1      | Reached XP level 3. HP: 29/29 MP: 2/2
  1724 | D:2      | Reached skill level 1 in Polearms
  1753 | D:2      | Reached XP level 4. HP: 37/37 MP: 2/2
  1881 | D:2      | Reached skill level 6 in Bows
  2978 | D:4      | Reached XP level 5. HP: 42/42 MP: 3/3
  3006 | D:4      | Found a viscous altar of Jiyva.
  3175 | D:4      | Noticed Sigmund
  3178 | D:4      | Noticed a phantom
  3255 | D:4      | Killed Sigmund
  3291 | D:4      | Killed a phantom
  3291 | D:4      | Reached XP level 6. HP: 16/50 MP: 4/4
  3360 | D:4      | Found an iron altar of Okawaru.
  3367 | D:4      | Became a worshipper of Warmaster Okawaru
  3550 | D:4      | Reached skill level 7 in Bows
  3673 | D:4      | Noticed Blork the orc
  3676 | D:4      | Noticed an ogre
  3682 | D:4      | Killed Blork the orc
  3691 | D:4      | Killed an ogre
  3750 | D:4      | Reached XP level 7. HP: 53/57 MP: 4/4
  4232 | D:4      | Noticed Crazy Yiuf
  4267 | D:4      | Killed Crazy Yiuf
  4357 | D:5      | Entered Level 5 of the Dungeon
  4551 | D:5      | Acquired Okawaru's first power
  4551 | D:5      | Reached skill level 8 in Bows
  4962 | D:5      | Reached XP level 8. HP: 56/64 MP: 5/5
  5805 | D:6      | Reached skill level 5 in Fighting
  5805 | D:6      | Reached skill level 1 in Throwing
  6099 | D:6      | Found a staircase to the Ecumenical Temple.
  6393 | D:7      | Found a snail-covered altar of Cheibriados.
  6594 | D:7      | Found a bloodstained altar of Trog.
  6906 | D:7      | Reached skill level 9 in Bows
  6908 | D:7      | Reached skill level 5 in Polearms
  7228 | D:7      | Reached XP level 9. HP: 61/72 MP: 6/6
  7348 | D:7      | Noticed cedor's ghost (experienced DsSk)
  8483 | D:8      | Got a dazzling chain mail
  8497 | D:8      | Identified the cursed +3 chain mail of Cave {Str+2 Int+2 Dam+4} (You found it on level 8 of the Dungeon)
  8504 | D:8      | Noticed an elephant
  8509 | D:8      | Found a radiant altar of Vehumet.
  8539 | D:8      | Found a staircase to the Lair.
  8543 | D:8      | Reached skill level 5 in Throwing
  8588 | D:8      | Reached skill level 1 in Armour
  8663 | D:8      | Reached skill level 10 in Bows
  9085 | D:8      | Found a sparkling altar of Nemelex Xobeh.
  9244 | Lair:1   | Entered Level 1 of the Lair of Beasts
  9400 | D:8      | Killed a staircase mimic
  9502 | D:8      | Reached XP level 10. HP: 52/82 MP: 4/6
  9534 | D:8      | Killed an elephant
  9798 | D:9      | Reached skill level 11 in Bows
 10671 | D:9      | Received a gift from Okawaru
 10886 | D:9      | Lost intelligence.
 10964 | D:9      | Forgot to breathe ... caused by an orange crystal statue

Action                   |  1- 3 |  4- 6 |  7- 9 | 10-12 || total
-------------------------+-------+-------+-------+-------++-------
Melee: Short sword       |    18 |       |       |       ||    18
       Spear             |    39 |    24 |   262 |       ||   325
       Long sword        |       |    15 |    25 |    34 ||    74
       Bow               |       |     1 |       |       ||     1
       Scythe            |       |    13 |       |       ||    13
       Whip              |       |       |    19 |       ||    19
       Quarterstaff      |       |       |       |    15 ||    15
 Fire: Bow               |    33 |    94 |   289 |    93 ||   509
Throw: Tomahawk          |       |       |     4 |       ||     4
       Throwing net      |       |       |     2 |       ||     2
Invok: Heroism           |       |       |     3 |       ||     3
Evoke: Wand              |       |       |     4 |       ||     4
  Use: Scroll            |       |     3 |     8 |       ||    11
       Potion            |       |     3 |     3 |    12 ||    18
 Stab: Held in net/web   |       |       |     1 |       ||     1
